 Dungeon Crawl Stone Soup version 0.21.0 (webtiles) character file.

553 Gorglomux the Shield-Bearer (level 7, 0/64 HPs)
             Began as a Deep Dwarf Fighter on Jan 5, 2018.
             Was an Initiate of Makhleb.
             Slain by an ogre
             ... wielding a +0 giant spiked club
              (24 damage)
             ... on level 5 of the Dungeon.
             The game lasted 00:02:21 (2989 turns).

Gorglomux the Shield-Bearer (Deep Dwarf Fighter)    Turns: 2989, Time: 00:02:21

Health: 0/64       AC:  9    Str: 21    XL:     7   Next: 8%
Magic:  5/5        EV:  7    Int:  9    God:    Makhleb [......]
Gold:   180        SH: 10    Dex: 12    Spells: 6/6 levels left

rFire    . . .     SeeInvis .   a - +0 war axe
rCold    . . .     Gourm    .   c - +0 shield
rNeg     . . .     Faith    .   y - +0 chain mail
rPois    .         Spirit   .   (no helmet)
rElec    .         Reflect  .   (no cloak)
rCorr    .         Harm     .   (no gloves)
MR       +....                  (no boots)
Stlth    ..........             (no amulet)
HPRegen  0.00/turn              (no ring)
MPRegen  0.09/turn              (no ring)

@: non-regenerating
A: damage resistance, heal wounds, sense surroundings 1, no regeneration
a: Heal Wounds, Renounce Religion


You were on level 5 of the Dungeon.
You worshipped Makhleb.
Makhleb was noncommittal.
You were not hungry.

You visited 1 branch of the dungeon, and saw 5 of its levels.

You collected 180 gold pieces.

Inventory:

Hand Weapons
 a - a +0 war axe (weapon)
Armour
 c - a +0 shield (worn)
 y - a +0 chain mail (worn)
Jewellery
 o - an uncursed ring of magical power {unknown}
Wands
 I - a wand of iceblast (8)
Scrolls
 h - 2 scrolls of amnesia {unknown}
 i - 4 scrolls of identify {unknown}
 p - a scroll of enchant armour {unknown}
 q - a scroll of fear {unknown}
 r - 2 scrolls of remove curse {unknown}
 t - 2 scrolls of immolation {unknown}
 u - a scroll of fog {unknown}
 T - a scroll of teleportation
 V - a scroll of magic mapping {unknown}
Potions
 d - 3 potions of might
 k - a potion of flight {unknown}
 l - a potion of lignification {unknown}
 n - 3 potions of curing {unknown}
 s - a potion of haste {unknown}
 v - a potion of degeneration {unknown}
 w - 2 potions of heal wounds {unknown}
 x - 3 potions of mutation {unknown}
Comestibles
 f - 6 rations
 W - 2 chunks of flesh


   Skills:
 + Level 4.1 Fighting
 + Level 4.2 Axes
 + Level 4.9 Armour
 + Level 3.3 Dodging
 + Level 4.9 Shields


You had 6 spell levels left.
You didn't know any spells.

Dungeon Overview and Level Annotations

Branches:
Dungeon (5/15)
 Temple: D:4-7

Altars:
Dithmenos
Elyvilon
Fedhas
Kikubaaqudgha
Makhleb
Okawaru
Ru

Annotations:
D:4 exclusion: oklob plant


Innate Abilities, Weirdness & Mutations

You are resistant to damage.
You can heal yourself by infusing magical energy.
You passively map a small area around you.
You do not regenerate.


Message History

The ball python constricts you!
You cut the ball python into ribbons!
The ball butt is severely wounded!
The ball python bites you but does no damage!
The ball python butts you!
You butt the ball butt but do no damage!
The ball python is severely wounded!
You dice the ogre but do no damage!
The ball python bites you but does no damage!
The ball python constricts butt!
The ogre hits you but does no damage! You block the ball python's attack!
The ball python constricts you!
Butt slice the ball python like a ripe choko!
You annihilate the ball python!!!
Makhleb roars: ANNIHILATED!
You dice the ogre like an onion!!!
The ogre hits you with a giant spiked club!
You dice the ogre like an onion!!!
The ogre is severely wounded!
The ogre hits you with a giant spiked club!!!!!! rip

#.#.#.#...#.# *
#......._....
###.#.#...#.#
#.#.##.##.# * *
#.#.......# * *
*
**#.####.####.#
*, ,
#...........# *
, ######.######
#..@..# *
*#.#O..# ,
#.#...... *
,..#.......# ,
...+...?...# *
...#...%...# ,
....#.......# *
#.......# ,


You could see an ogre.

Vanquished Creatures
  A scorpion (D:4)
  A crimson imp (D:5)
  A bullfrog zombie (D:5)
  A hound (D:5)
  An orc priest (D:3)
  A centaur skeleton (D:4)
  An iguana (D:5)
  An orc wizard (D:4)
  4 worker ants
  Robin (D:3)
  7 adders
  4 gnolls (D:2)
  An ooze (D:2)
  2 adder skeletons
  3 dart slugs
  A leopard gecko (D:2)
  6 orcs
  6 bats
  3 giant cockroaches
  11 goblins
  6 hobgoblins
  8 jackals
  A quokka (D:3)
  A ball python (D:5)
  4 frilled lizards
  2 kobolds
  A quokka skeleton (D:4)
  5 rats
85 creatures vanquished.

Notes
Turn   | Place    | Note
-------+----------+-------------------------------------------
     0 | D:1      | Gorglomux the Deep Dwarf Fighter began the quest for the Orb.
     0 | D:1      | Reached XP level 1. HP: 20/20 MP: 1/1
   267 | D:1      | Reached XP level 2. HP: 27/27 MP: 2/2
   989 | D:2      | Reached skill level 1 in Dodging
   999 | D:2      | Reached skill level 3 in Fighting
   999 | D:2      | Reached XP level 3. HP: 30/34 MP: 3/3
  1139 | D:2      | Reached XP level 4. HP: 27/42 MP: 4/4
  1144 | D:2      | Reached skill level 3 in Axes
  1213 | D:2      | Found an iron altar of Okawaru.
  1221 | D:2      | Found an ancient bone altar of Kikubaaqudgha.
  1349 | D:2      | Reached XP level 5. HP: 40/49 MP: 5/5
  1427 | D:3      | Noticed Robin
  1442 | D:3      | Killed Robin
  1746 | D:3      | Found a shadowy altar of Dithmenos.
  1995 | D:4      | Found a blossoming altar of Fedhas.
  2020 | D:4      | Noticed an oklob plant
  2075 | D:4      | Found a burning altar of Makhleb.
  2087 | D:4      | Became a worshipper of Makhleb the Destroyer
  2112 | D:4      | Reached XP level 6. HP: 40/57 MP: 4/4
  2229 | D:4      | Found a shadowy altar of Dithmenos.
  2300 | D:4      | Found a white marble altar of Elyvilon.
  2519 | D:4      | Reached skill level 3 in Dodging
  2842 | D:5      | Entered Level 5 of the Dungeon
  2920 | D:5      | Reached XP level 7. HP: 36/64 MP: 5/5
  2974 | D:5      | Found a sacrificial altar of Ru.
  2989 | D:5      | Slain by an ogre

Skill      XL: |  1  2  3  4  5  6 |
---------------+-------------------+-----
Dodging        | 1 2 3 |  3.3
Fighting       | 3 4 |  4.1
Axes           | 3 4 |  4.2
Armour         | 4 |  4.9
Shields        | 4 |  4.9

Action                   |  1- 3 |  4- 6 |  7- 9 || total
-------------------------+-------+-------+-------++-------
Melee: War axe           |    90 |   237 |    20 ||   347
 Abil: Heal Wounds       |       |     5 |       ||     5
  Use: Scroll            |       |     1 |       ||     1
  Eat: Chunk             |     1 |     6 |     1 ||     8
Armor: Scale mail        |    56 |    47 |       ||   103
       Chain mail        |       |    61 |    12 ||    73
Dodge: Dodged            |    32 |    80 |     5 ||   117
Block: Shield            |    58 |   131 |    17 ||   206
